 Dungeon Crawl Stone Soup version 0.22-a0-252-gcace5d2 (webtiles) character file.

9 Gorglomux the Skirmisher (level 2, -1/27 HPs)
             Began as a Minotaur Abyssal Knight on Mar 1, 2018.
             Was an Initiate of Lugonu.
             Succumbed to an adder's poison
             ... on level 2 of the Dungeon.
             The game lasted 00:01:04 (120 turns).

Gorglomux the Skirmisher (Minotaur Abyssal Knight)   Turns: 120, Time: 00:01:04

Health: -1/27      AC:  3    Str: 16    XL:     2   Next: 6%
Magic:  2/2        EV: 26    Int:  9    God:    Lugonu [......]
Gold:   47         SH:  0    Dex:  9    Spells: 1/1 levels left

rFire    . . .     SeeInvis .   a - +1 hand axe
rCold    . . .     Gourm    .   (no shield)
rNeg     . . .     Faith    .   b - +0 leather armour
rPois    .         Spirit   .   (helmet restricted)
rElec    .         Reflect  .   (no cloak)
rCorr    .         Harm     .   (no gloves)
MR       .....                  (no boots)
Stlth    +.........             f - amulet of the acrobat
HPRegen  0.09/turn              (no ring)
MPRegen  0.08/turn              (no ring)

@: lethally poisoned (-1 -> -13), very slow
A: retaliatory headbutt, horns 2
a: Renounce Religion


You were on level 2 of the Dungeon.
You worshipped Lugonu.
Lugonu was noncommittal.
You were not hungry.

You visited 1 branch of the dungeon, and saw 2 of its levels.
You visited the Abyss 1 time.

You collected 47 gold pieces.

Inventory:

Hand Weapons
 a - a +1 hand axe (weapon)
Armour
 b - a +0 leather armour (worn)
 e - a +0 ring mail
Jewellery
 f - an amulet of the acrobat (around neck)
Scrolls
 d - a scroll of fear {unknown}
Comestibles
 c - 2 rations


   Skills:
 + Level 3.8 Fighting
 + Level 2.7 Axes
 + Level 2.7 Armour
 + Level 1.5 Dodging
 - Level 1.7 Invocations


You had one spell level left.
You didn't know any spells.

Dungeon Overview and Level Annotations

Branches:
Dungeon (1/15)

Altars:


Innate Abilities, Weirdness & Mutations

You reflexively headbutt those who attack you in melee.
You have a pair of horns on your head.


Message History

You feel sick! The adder bites you! * * * don't butt
* * * The adder bites you! * * * don't die
* * * You are more poisoned!
The adder poisons you!!!
You chop the adder into pieces!
You annihilate the adder!!!
Lugonu roars: ANNIHILATED!
You have reached level 2!!! * * * butt't die
* * * You feel sick!
Unknown command!
You enter the shallow water!
Moving in this stuff is going to butt butt! * * * don't die
* * * You feel sick!
You see here an adder corpse!
Unknown command! rip

....... ..##.#
.#.#.#######.##.#
.....#.......##.#
................#
.......#####.##.#
.#.....#
#.##.#####
.###.#.#
#.#......###. .#
#.#.#
#...†≈≈...... .#
#.#.#
##...@≈..### (#
#.#.# #..≈≈≈≈.#
.# #.#..
#.P≈.≈.P# ..
<.##. #...P≈P)#
### . #.....###
.# #######


There were no monsters in sight!

Vanquished Creatures
  An adder (D:2)
  A quokka zombie (D:2)
2 creatures vanquished.

Notes
Turn   | Place    | Note
-------+----------+-------------------------------------------
     0 | Abyss:1  | Gorglomux the Minotaur Abyssal Knight began the quest for the Orb.
     0 | Abyss:1  | Reached XP level 1. HP: 19/19 MP: 1/1
    41 | Abyss:3  | Noticed a large abomination
    71 | Abyss:4  | Noticed an apocalypse crab
    75 | Abyss:4  | Noticed a deep elf sorcerer
    76 | D:1      | Escaped the Abyss
    85 | D:1      | You fall through a shaft!
   118 | D:2      | Reached XP level 2. HP: 4/27 MP: 2/2
   119 | D:2      | HP: 1/27 [poisoned by an adder]
   120 | D:2      | Succumbed to an adder's poison

Vault maps used:
D:1:      lemuel_arrival_behind_the_door_large, doesnt_xom_only_xom
D:2:      nicolae_ru_the_path_less_chosen, serial_undead, serial_undead_d,
          serial_undead_f, serial_undead_a, serial_undead_e
Abyss:1:  minivault_4, minivault_24, evilmike_abyss_exit_smiterflies
Abyss:2:  gammafunk_abyss_exit_x_factor
Abyss:3:  nicolae_abyss_rune_left_handed
Abyss:4:  evilmike_abyss_exit_12, hangedman_grunt_abyss_rune_horror_hoard

Action                   || total
-------------------------++-------
Melee: Hand axe          ||     8
       Headbutt          ||     1
Invok: Depart the Abyss  ||     1
Dodge: Dodged            ||     5

Table legend:
 A = Spawn XP
 B = Non-spawn XP
 C = Spawn XP percentage of total XP
 D = Spawn monster count
 E = Non-spawn monster count
 F = Spawn count percentage of total count
 G = Total turns spent on level
                    A         B        C        D         E        F      G
               +---------+---------+-------+---------+---------+-------+---------
         Total |       0 |      14 |   0.0 |       0 |       2 |   0.0 |   120
               +---------+---------+-------+---------+---------+-------+---------
           D:2 |       0 |      14 |   0.0 |       0 |       2 |   0.0 |    35
               +---------+---------+-------+---------+---------+-------+---------
